 Dungeon Crawl Stone Soup version 0.32-a0-728-g49a1623 (webtiles) character file.

Game seed: 2419129130391021488

13048 skewfiend the Fighter (level 12, -7/117 HPs)
             Began as a Gargoyle Artificer on Mar 16, 2024.
             Was a Priest of Trog.
             Engulfed by a cloud of freezing vapour (14 damage)
             ... in an ice cave.
             The game lasted 00:46:00 (11606 turns).

skewfiend the Fighter (Gargoyle Artificer)         Turns: 11606, Time: 00:46:01

Health: -7/117     AC: 26    Str: 17    XL:     12   Next: 1%
Magic:  0/12       EV:  3    Int: 12    God:    Trog [***...]
Gold:   1318       SH:  4    Dex: 14    Spells: 11/11 levels left

rFire   . . .        Z - +16 obsidian axe {drain, demonic, Mesm ^Drain Fly SInv}
rCold   . . .        N - +0 buckler
rNeg    + . .        Y - +0 plate armour
rPois   ∞            (no helmet)
rElec   +            A - +0 cloak
rCorr   .            k - +1 pair of gloves
SInv    +            (no boots)
Will    .....        K - amulet of guardian spirit Stlth
                     L - +4 ring of protection
HPRegen 0.39/turn    x - +4 ring of slaying
MPRegen 0.13/turn

%: guardian spirit
@: berserking, flying, very quick
A: sickness immunity, AC +8, negative energy resistance 1, electricity
resistance, torment resistance 1, petrification resistance
a: Renounce Religion, Berserk, Trog's Hand


You were in an ice cave.
You worshipped Trog.
Trog was most pleased with you.
You visited 3 branches of the dungeon, and saw 14 of its levels.
You also visited: Ice Cave.

You collected 1434 gold pieces.
You spent 116 gold pieces at shops.

Inventory:

Hand Weapons
 Z - the +16 obsidian axe (weapon) {drain, demonic, Mesm ^Drain Fly SInv}
   (You found it on level 8 of the Dungeon)

   Mesm:      Its wielder is mesmerised by any visible foes, and it cannot be
   unequipped while any foes are visible.
   SInv:      It lets you see invisible.
   Fly:       It grants you flight.
   ^Drain:    It drains your maximum health when unequipped.
Missiles
 g - 109 stones (quivered)
 s - 2 javelins
 D - 24 poisoned darts
 Q - 2 boomerangs
Armour
 k - a +1 pair of gloves (worn)
 A - a +0 cloak (worn)
 N - a +0 buckler (worn)
 Y - a +0 plate armour (worn)
Jewellery
 j - a ring of protection from fire
 q - a +6 ring of strength
 x - a +4 ring of slaying (right hand)
 C - a ring of willpower
 K - an amulet of guardian spirit (around neck)
 L - a +4 ring of protection (left hand)
Wands
 c - a wand of flame (6)
 d - a wand of charming (10)
 e - a wand of iceblast (15)
 w - a wand of acid (15)
 F - a wand of paralysis (26)
Scrolls
 a - 2 scrolls of identify
 f - a scroll of fog
 h - 2 scrolls of teleportation
 o - 2 scrolls of poison
 p - a scroll of fear
 B - a scroll of revelation
 O - 2 scrolls of blinking
 S - a scroll of immolation {unknown}
Potions
 l - 6 potions of curing
 u - 2 potions of heal wounds
 I - a potion of might
 P - a potion of enlightenment


   Skills:
 + Level 10.5 Fighting
 * Level 8.9(10.4) Axes
 - Level 9.3(11.1) Maces & Flails
 - Level 2.1 Armour
 - Level 0.7 Dodging
 - Level 1.1 Stealth
 + Level 9.2 Evocations


You had 11 spell levels left.
You didn't know any spells.
Your spell library contained the following spells:

 Spells                   Type           Power      Damage    Failure   Level
 Apportation              Tloc           0%         N/A       100%        1
 Necrotise                Necr           0%         1d4       100%        1
 Sting                    Conj/Alch      0%         1d3       100%        1
 Summon Small Mammal      Summ           0%         N/A       100%        1
 Ensorcelled Hibernation  Hex/Ice        0%         N/A       100%        2
 Mercury Vapours          Alch/Air       0%         N/A       100%        2
 Fugue of the Fallen      Necr           0%         N/A       100%        3
 Gell's Gravitas          Tloc           0%         N/A       100%        3
 Teleport Other           Tloc           0%         N/A       100%        3
 Anguish                  Hex/Necr       0%         N/A       100%        4
 Animate Dead             Necr           0%         N/A       100%        4
 Olgreb's Toxic Radiance  Alch           0%         N/A       100%        4
 Summon Forest            Summ/Tloc      0%         N/A       100%        5
 Summon Mana Viper        Hex/Summ       0%         N/A       100%        5
 Dispersal                Tloc           0%         N/A       100%        6
 Summon Cactus Giant      Summ           0%         N/A       100%        6
 Haunt                    Necr/Summ      0%         N/A       100%        7
 Infestation              Necr           0%         N/A       100%        8


Dungeon Overview and Level Annotations

Branches:
Dungeon (11/15)            Temple (1/1) D:6            Lair (1/5) D:11
  IceCv (1/1)
    Orc: D:9-12

Altars:
Ashenzari
Cheibriados
Dithmenos
Elyvilon
Fedhas
Gozag
Hepliaklqana
Kikubaaqudgha
Makhleb
Nemelex Xobeh
Okawaru
Qazlal
Ru
Sif Muna
Trog
Uskayaw
Vehumet
Wu Jian
Xom
Yredelemnul
Zin
The Shining One

Shops:
D:1 :   D:2 [!   D:3 !   D:9 =

Portals:
Trove: D:11 (give +3 shadow dragon scales)


Innate Abilities, Weirdness & Mutations

You are immune to sickness and miasma.
Your stone body is resilient. (AC +8)
You are immune to poison.
You resist negative energy. (rN+)
You are resistant to electric shocks. (rElec)
You are resistant to unholy torment.
You are immune to petrification.


Message History

You slash the glowing shapeshifter simulacrum!
A shapeshifter simulacrum comes into view.
The glowing shapeshifter simulacrum barely misses you.
The ice statue gestures at you. The bolt of cold hits you.
* * * LOW HITPOINT WARNING * * *
You slash the ice statue!
The ice statue is almost destroyed.
You slash the ice beast!
You slice the glowing shapeshifter simulacrum!!
You open a gate to Pandemonium!
A demon appears!
You break out of your daze!
The glowing shapeshifter simulacrum vaporises!
Trog accepts your kill.
Visions of slaying the ice statue flood into your mind.
The ice statue gestures at you. The bolt of cold hits you!
* * * LOW HITPOINT WARNING * * *
You block the ice beast's attack.
A red film seems to cover your vision as you go berserk!
You feel yourself moving faster!
You feel mighty!
Visions of slaying the shapeshifter simulacrum flood into your mind.
The shapeshifter simulacrum hits you but does no damage.
The ice statue gestures at you. The freezing blast engulfs you.
* * * LOW HITPOINT WARNING * * *
The ice beast barely misses you.
Your sun demon is engulfed in freezing vapours.
Your sun demon hits the ice beast!!
The ice beast dies!
The ice beast disappears in a puff of smoke!
You slice the ice statue!!
You destroy the ice statue!
Trog accepts your kill.
You slice the shapeshifter simulacrum!!
You are no longer entranced.
The shapeshifter simulacrum vaporises!
Trog accepts your kill.
You are engulfed in freezing vapours.
You die...

#######
###....☼##
#...○§3..#
#○@§..#
##○§○§.#
##.....##
###.....##
####....#### #
###.....###
.#####.....###
........####
##...####


You could see a friendly sun demon (summoned).

Vanquished Creatures
  A manticore (D:7)
  A cyclops (D:11)
  A black mamba (Lair:1)
  An ice statue (IceCv)
  2 cane toads (Lair:1)
  2 kobold demonologists (D:11)
  A komodo dragon (Lair:1)
  An unseen horror (D:11)
  A troll (D:11)
  3 slime creatures (IceCv)
  2 shadows
  A basilisk (Lair:1)
  A wyvern (D:9)
  11 yaks
  A wraith (D:10)
  A steam dragon (D:7)
  2 water moccasins
  A great orb of eyes simulacrum (IceCv)
  A sky beast (D:6)
  2 ice beasts
  2 orc warriors
  4 black bears
  An ogre (D:5)
  2 centaurs
  An elf zombie (D:9)
  A phantom (D:4)
  A slime creature simulacrum (IceCv)
  3 bullfrogs
  6 gnoll sergeants
  2 kobold brigands (D:11)
  2 scorpions (D:5)
  2 glowing shapeshifter simulacra (IceCv)
  12 killer bees
  5 howler monkeys (D:10)
  A bombardier beetle (D:5)
  2 centaur zombies (D:9)
  6 orc priests
  A jelly (D:5)
  3 gnoll boudas
  3 hounds
  Crazy Yiuf (D:3)
  2 iguanas
  Ijyb (D:4)
  Terence (D:3)
  3 scorpion zombies (D:9)
  6 orc wizards
  2 shapeshifter simulacra (IceCv)
  2 killer bee zombies (D:9)
  An ogre zombie (D:9)
  2 hound zombies (D:9)
  2 howler monkey zombies (D:9)
  15 gnolls
  9 adders
  A shadow imp (D:6)
  15 white imps
  2 ufetubi (D:5)
  2 adder zombies (D:9)
  2 dart slugs (D:1)
  A ribbon worm (D:5)
  35 orcs
  2 bats (D:1)
  6 endoplasms
  A giant cockroach (D:1)
  12 goblins
  4 hobgoblins
  5 jackals (D:4)
  7 kobolds
  4 quokkas
  10 ball pythons
  6 frilled lizards
  6 rats
265 creatures vanquished.

Vanquished Creatures (collateral kills)
  A boulder beetle (D:11)
  An ugly thing (D:11)
  A cane toad (Lair:1)
  A kobold demonologist (D:11)
  A polar bear (Lair:2)
  5 yaks
  An acid dragon (D:8)
  A killer bee (D:11)
  A bombardier beetle (D:4)
  2 shadow imps
  An orc (D:9)
  A kobold (D:11)
17 creatures vanquished.

Vanquished Creatures (others)
  A yak (D:5)
  A gnoll bouda (D:5)
  An orc (D:5)
3 creatures vanquished.

Grand Total: 285 creatures vanquished

Notes
Turn   | Place    | Note
-------+----------+-------------------------------------------
     0 | D:1      | skewfiend the Gargoyle Artificer began the quest for the
                  | Orb.
     0 | D:1      | Reached XP level 1. HP: 12/12 MP: 1/1
   116 | D:1      | Found Rut Uculoa's Vocational Training.
   125 | D:1      | Reached skill level 1 in Maces & Flails
   125 | D:1      | Reached XP level 2. HP: 14/16 MP: 2/2
   547 | D:1      | Reached XP level 3. HP: 21/21 MP: 3/3
   820 | D:2      | Reached skill level 2 in Fighting
   879 | D:2      | Found Siulat's Distillery.
   899 | D:2      | Bought 2 potions of curing for 66 gold pieces
  1223 | D:2      | Found Seziut's Armour Shoppe.
  1685 | D:3      | Found Gyckiani's Distillery.
  1701 | D:3      | Identified the +6 short sword "Ziajab" {flame, ^Fragile
                  | rF+++ rCorr Int+3}
  1706 | D:3      | Bought a potion of heal wounds for 50 gold pieces
  1747 | D:3      | Found a faded altar of an unknown god.
  1755 | D:3      | Reached XP level 4. HP: 26/26 MP: 4/4
  2144 | D:3      | Found a runed translucent door.
  2145 | D:3      | Noticed Crazy Yiuf
  2217 | D:3      | Noticed Terence
  2240 | D:3      | Killed Terence
  2241 | D:3      | Reached XP level 5. HP: 11/31 MP: 5/5
  2575 | D:3      | Killed Crazy Yiuf
  2982 | D:4      | Found a glowing golden altar of the Shining One.
  3018 | D:4      | Noticed a phantom
  3033 | D:4      | Killed a phantom
  3034 | D:4      | Reached skill level 3 in Fighting
  3034 | D:4      | Reached XP level 6. HP: 26/37 MP: 6/6
  3219 | D:4      | Noticed Ijyb
  3227 | D:4      | Paralysed by Ijyb for 2 turns
  3233 | D:4      | Paralysed by Ijyb for 4 turns
  3242 | D:4      | Killed Ijyb
  3821 | D:5      | Entered Level 5 of the Dungeon
  3821 | D:5      | Noticed a black bear
  3827 | D:5      | Killed a black bear
  3828 | D:5      | Reached XP level 7. HP: 32/42 MP: 7/7
  3843 | D:5      | Reached skill level 4 in Fighting
  3843 | D:5      | Reached skill level 5 in Maces & Flails
  4495 | D:5      | Reached XP level 8. HP: 41/48 MP: 6/8
  4640 | D:5      | Reached skill level 5 in Fighting
  4640 | D:5      | Reached skill level 5 in Evocations
  5062 | D:5      | Upgraded the game from 0.32-a0-721-g4b9ed32 to
                  | 0.32-a0-728-g49a1623
  5280 | D:5      | Noticed a yak
  5873 | D:6      | Reached skill level 6 in Fighting
  5874 | D:6      | Reached XP level 9. HP: 55/55 MP: 9/9
  6189 | D:6      | Found a staircase to the Ecumenical Temple.
  6200 | Temple   | Entered the Ecumenical Temple
  6282 | Temple   | Became a worshipper of Trog the Wrathful
  6411 | D:7      | Noticed a manticore
  6429 | D:7      | Killed a manticore
  7777 | D:8      | Reached skill level 7 in Fighting
  7777 | D:8      | Found the +16 obsidian axe {drain, demonic, Mesm ^Drain Fly
                  | SInv}
  7829 | D:8      | Found the +5 woodcutter's axe
  7911 | D:8      | Found a shadowy altar of Dithmenos.
  7982 | D:8      | Reached skill level 1 in Axes
  8413 | D:9      | Reached XP level 10. HP: 63/63 MP: 10/10
  8415 | D:9      | Reached * piety under Trog
  8558 | D:9      | Found a basalt altar of Yredelemnul.
  8839 | D:9      | Reached ** piety under Trog
  8840 | D:9      | Reached skill level 8 in Fighting
  8983 | D:9      | Found an ancient bone altar of Kikubaaqudgha.
  8983 | D:9      | Found a glowing silver altar of Zin.
  9097 | D:9      | Found Ypuyt's Jewellery Emporium.
  9393 | D:10     | Entered Level 10 of the Dungeon
  9495 | D:10     | Reached skill level 5 in Axes
  9676 | D:10     | Found an iron altar of Okawaru.
  9705 | D:10     | Identified the +1 falchion of Prudence {freeze, rPois rC++
                  | Dex+4}
  9707 | D:10     | Identified the +8 mace of the Thirsty Spirits {protect,
                  | Will++}
 10187 | D:11     | Reached skill level 9 in Fighting
 10187 | D:11     | Reached XP level 11. HP: 68/71 MP: 9/11
 10257 | D:11     | Found a portal to a secret trove of treasure.
 10368 | D:11     | Reached *** piety under Trog
 10422 | D:11     | Found a staircase to the Lair.
 10445 | D:11     | Noticed a boulder beetle
 10456 | D:11     | Killed a boulder beetle
 10490 | D:11     | Found a hide-covered altar of Uskayaw.
 10537 | D:11     | Noticed a cyclops
 10542 | D:11     | Killed a cyclops
 10597 | D:11     | Noticed a brown ugly thing
 10603 | D:11     | Killed a brown ugly thing
 10991 | Lair:1   | Entered Level 1 of the Lair of Beasts
 11049 | Lair:1   | Reached skill level 10 in Fighting
 11336 | Lair:1   | You are sucked into a shaft and drop 1 floor!
 11336 | Lair:2   | Found a frozen archway.
 11362 | IceCv    | Entered an ice cave
 11590 | IceCv    | Reached XP level 12. HP: 78/78 MP: 12/12
 11606 | IceCv    | Engulfed by a cloud of freezing vapour

Illustrated notes

Levels and vault maps discovered:
D:1:      dpeg_arrival_line_fractal, layout_loops_ring,
          amcnicky_mini_rare_corridor_liquid, minmay_misc_feat_rows,
          nicolae_shop_vocational
D:2:      layout_basic, serial_shops, shop, shop
D:3:      layout_basic, serial_shops, shop, ebering_ecumenical_altar_ruins,
          uniq_crazy_yiuf_cottage, uniq_terence
D:4:      layout_basic, nicolae_tso_carved_into_rock, uniq_ijyb
D:5:      layout_basic, st_stairs_9, minmay_divided_ellipse
D:6:      layout_gridville, minmay_temple_entry_junction_2
D:7:      layout_layer_cave
D:8:      layout_basic, mainiacjoe_overflow_catwalk,
          pf_guarded_unrand_woodcutter
D:9:      layout_loops_cross, gammafunk_temple_overflow_wave, serial_shops,
          shop, chequers_arboretum, roadster_capsule_ark_zombie
D:10:     layout_basic, okawaru_ov_weapons_minmay, nicolae_letterblocks
          [nicolae_letter_subblock, nicolae_letter_subblock,
          nicolae_letter_subblock, nicolae_letter_subblock,
          nicolae_letter_subblock, nicolae_letter_subblock,
          nicolae_letter_subblock, nicolae_letter_subblock,
          nicolae_letter_subblock, nicolae_letter_subblock,
          nicolae_letter_subblock, nicolae_letter_subblock,
          nicolae_letter_subblock, nicolae_letter_subblock,
          nicolae_letter_subblock, nicolae_letter_subblock,
          nicolae_letter_subblock, nicolae_letter_subblock,
          nicolae_letter_subblock, nicolae_letter_subblock,
          nicolae_letter_subblock, nicolae_letter_subblock,
          nicolae_letter_subblock, nicolae_letter_subblock,
          nicolae_letter_subblock]
D:11:     layout_irregular_city, lair_entry_dummy, enter_trove_6,
          nicolae_uskayaw_suspiria
Temple:   minmay_temple_bridge_d
Lair:1:   layout_chaotic_city
Lair:2:   beast_lair_carwin_large_1, layout_loops_ring,
          alex1729_swamp_entry_worm_eleionoma, minmay_snake_entry_six_corridors,
          portal_ice_cave_entry_imps, nicolae_lair_run_with_the_wolves
IceCv:    ice_cave_hellmonk_azure_passage

Skill      XL: |  1  2  3  4  5  6  7  8  9 10 11 |
---------------+----------------------------------+-----
Maces & Flails | 1 2 3 4 6 7 9 |  9.3
Evocations     | 3 4 5 6 8 9 |  9.2
Fighting       | 2 3 4 6 7 9 10 | 10.5
Axes           | 2 6 8 |  8.9
Armour         | |  2.1
Dodging        | |  0.7
Stealth        | |  1.1

Action                     |  1- 3 |  4- 6 |  7- 9 | 10-12 || total
---------------------------+-------+-------+-------+-------++-------
  Melee: Club              |   168 |    18 |   319 |       ||   505
         Mace              |     7 |   163 |       |       ||   170
         Broad axe         |       |       |    15 |   197 ||   212
  Throw: Stone             |     3 |       |     3 |       ||     6
         Dart              |       |     2 |       |       ||     2
 Invoke: Berserk           |       |       |       |     2 ||     2
  Evoke: Wand              |     3 |     9 |    10 |       ||    22
    Use: Scroll            |       |       |    11 |     5 ||    16
         Potion            |       |       |       |     1 ||     1
   Stab: Sleeping          |     4 |       |       |       ||     4
         Distracted        |       |       |     1 |       ||     1
 Armour: Leather armour    |   110 |       |       |       ||   110
         Scale mail        |     4 |   149 |     5 |       ||   158
         Chain mail        |       |       |   342 |    31 ||   373
         Plate armour      |       |       |       |   177 ||   177
  Dodge: Dodged            |   111 |    89 |   101 |    46 ||   347
  Block: Buckler           |       |       |    50 |    40 ||    90

Table legend: (Time is in decaauts)
 A = Elapsed time spent in this place.
 B = Non-inter-level travel time spent in this place.
 C = Inter-level travel time spent in this place.
 D = Time resting spent in this place.
 E = Time spent auto-exploring this place.
 F = Levels seen in this place.
 G = Mean time per level.
                   A        B        C        D        E       F      G
               +--------+--------+--------+--------+--------+-----+--------+
         Total |  11722 |  10920 |    802 |    331 |   8264 |  15 |  781.5 |
       Dungeon |  10945 |  10297 |    648 |    280 |   7872 |  11 |  995.0 |
        Temple |    155 |      2 |    153 |      0 |      0 |   1 |  155.0 |
          Lair |    374 |    374 |      0 |      0 |    264 |   2 |  187.0 |
      Ice Cave |    246 |    246 |      0 |     51 |    128 |   1 |  246.0 |
               +--------+--------+--------+--------+--------+-----+--------+

Top non-repeatable levels by time:
     D:5: 1684 daAuts
     D:7: 1260 daAuts
     D:4: 1138 daAuts
     D:3: 1056 daAuts
     D:9: 985 daAuts
     D:1: 882 daAuts
    D:11: 842 daAuts
     D:2: 803 daAuts
    D:10: 780 daAuts
     D:8: 759 daAuts
     D:6: 753 daAuts
  Lair:1: 347 daAuts
   IceCv: 246 daAuts
  Temple: 155 daAuts
  Lair:2: 26 daAuts
